 Dungeon Crawl Stone Soup version 0.26-a0-43-g20b394c (webtiles) character file.

Game seed: 9142135714644397787

370 Firecrotchwizard the Skirmisher (level 6, -3/68 HPs)
             Began as an Ogre Berserker on June 3, 2020.
             Was a Priest of Trog.
             Slain by a gnoll
             ... wielding a +0 flail
              (13 damage)
             ... on level 3 of the Dungeon.
             The game lasted 00:04:27 (2967 turns).

Firecrotchwizard the Skirmisher (Ogre Berserker)    Turns: 2967, Time: 00:04:27

Health: -3/68      AC:  3    Str: 24    XL:     6   Next: 70%
Magic:  6/6        EV: 10    Int:  8    God:    Trog [***...]
Gold:   178        SH:  0    Dex:  8    Spells: 5/5 levels left

rFire    . . .     SeeInvis .   a - +1 mace
rCold    . . .     Gourm    .   (no shield)
rNeg     . . .     Faith    .   b - +0 animal skin
rPois    .         Spirit   .   (helmet restricted)
rElec    .         Reflect  .   (no cloak)
rCorr    .         Harm     .   (gloves unavailable)
MR       .....                  (boots unavailable)
Stlth    +.........             (no amulet)
HPRegen  0.21/turn              (no ring)
MPRegen  0.10/turn              (no ring)

@: berserk cooldown, slowed, very slow
A: large, unfitting armour, tough skin 1
a: Berserk, Trog's Hand, Renounce Religion


You were on level 3 of the Dungeon.
You worshipped Trog.
Trog was most pleased with you.
You were hungry.

You visited 1 branch of the dungeon, and saw 3 of its levels.

You collected 178 gold pieces.

Inventory:

Hand Weapons
 a - a +1 mace (weapon)
Armour
 b - a +0 animal skin (worn)
Jewellery
 d - an uncursed ring of ice {unknown}
   (You found it on level 3 of the Dungeon)
 o - an uncursed amulet of magic regeneration
   (You found it on level 2 of the Dungeon)
Wands
 m - a wand of acid (8)
   (You found it on level 2 of the Dungeon)
Scrolls
 e - 4 scrolls of identify
 k - 2 scrolls of immolation {!r}
 t - 3 scrolls of remove curse
Potions
 g - 2 potions of lignification {!q}
 h - a potion of mutation {unknown}
 i - a potion of haste {unknown}
 j - a potion of heal wounds {unknown}
 l - a potion of magic {unknown}
 n - a potion of curing {unknown}
 q - 2 potions of might {unknown}
 s - a potion of ambrosia {unknown}
Comestibles
 c - 6 rations


   Skills:
 + Level 6.3 Fighting
 * Level 5.6 Maces & Flails
 - Level 2.6 Dodging


You had 5 spell levels left.
You didn't know any spells.
Your spell library was empty.

Dungeon Overview and Level Annotations

Branches:
Dungeon (3/15)

Altars:
Ashenzari
Cheibriados
Fedhas
Uskayaw
Wu Jian
Xom


Innate Abilities, Weirdness & Mutations

You are too large for most types of armour.
You have tough skin. (AC +1)


Message History

A goblin comes into view. It is wielding a +0 club.
You hear a loud, deep croak!
The goblin unwields a +0 club.
The goblin wields a +0 hunting sling.
The goblin shoots a stone.
The stone hits you!
A gnoll comes into view. It is wielding a +0 flail.
A bullfrog comes into view.
You take 7 damage, and have 60/67 hp.
The bullfrog croaks.
The goblin unwields a +0 hunting sling.
The goblin wields a +0 club.
The goblin closely misses you.
There is an open door here.
You see here a stone.
The leopard gecko bites you.
You take 5 damage, and have 56/67 hp.
You sock the leopard gecko!
You kill the leopard gecko!
Trog accepts your kill.
You completely miss the gnoll. The gnoll barely misses you.
You barely miss the gnoll. The gnoll closely misses you.
The bullfrog releases a deep croak.
The gnoll hits you with a +0 club!
You take 7 damage, and have 50/67 hp.
You are too injured to fight recklessly!
You are too injured to fight recklessly!
You barely miss the gnoll. The gnoll hits you but does no damage.
You closely miss the gnoll. The gnoll barely misses you.
You sock the gnoll! The gnoll barely misses you.
You barely miss the gnoll. The gnoll barely misses you.
You barely miss the gnoll. The gnoll hits you with a +0 club.
You take 3 damage, and have 48/67 hp.
You sock the gnoll!
You kill the gnoll!
Trog accepts your kill.
An orc comes into view. It is wielding a +0 flail.
The goblin unwields a +0 club.
The goblin wields a +0 hunting sling.
The goblin shoots a stone.
The stone hits you!
You take 9 damage, and have 39/67 hp.
The goblin unwields a +0 hunting sling.
The goblin wields a +0 club.
The goblin hits you but does no damage.
Things that are here:
a +0 club; a gnoll corpse; a leopard gecko corpse You hit the goblin.
You kill the goblin!
Trog accepts your kill. The bullfrog hits you!
You take 6 damage, and have 33/67 hp.
You hit the bullfrog. The bullfrog hits you. x2
You take 3 damage, and have 30/67 hp.
You barely miss the bullfrog. The bullfrog hits you.
An orc priest comes into view. It is wielding a +0 club.
An orc comes into view. It is wielding a +0 flail.
You take 5 damage, and have 25/67 hp.
You barely miss the bullfrog. The bullfrog hits you.
The orc priest looks braver for a moment.
The bullfrog hits you.
* * * LOW HITPOINT WARNING * * *
You take 5 damage, and have 20/67 hp.
You barely miss the bullfrog. The bullfrog hits you.
* * * LOW HITPOINT WARNING * * *
The bullfrog misses you.
A red film seems to cover your vision as you go berserk!
You feel yourself moving faster!
You feel mighty!
You are feeling hungry.
The bullfrog hits you.
* * * LOW HITPOINT WARNING * * *
You now have 26/100 hp.
You sock the bullfrog! The bullfrog misses you.
You bludgeon the bullfrog!!
You kill the bullfrog!
Trog accepts your kill.
The orc shouts!
The gnoll closely misses you.
Items here: ( )) †† a +0 club; a +0 hunting sling; 16 stones; a bullfrog corpse; a goblin corpse You thump the gnoll!
You barely miss the gnoll. The gnoll barely misses you.
You closely miss the gnoll. The gnoll hits you with a +0 flail!
* * * LOW HITPOINT WARNING * * *
You take 8 damage, and have 19/100 hp.
You sock the gnoll!
You kill the gnoll!
Trog accepts your kill. The orc closely misses you.
The orc priest barely misses you. The gnoll barely misses you.
There is an open door here.
You see here a +0 flail.
You closely miss the orc priest. You sock the orc priest!
The orc priest barely misses you. The orc hits you with a +0 flail.
* * * LOW HITPOINT WARNING * * *
The gnoll barely misses you.
You take 4 damage, and have 15/100 hp.
You sock the orc priest!
You kill the orc priest!
Trog accepts your kill.
You are no longer berserk.
You are exhausted.
You feel yourself slow down. The gnoll hits you with a +0 flail!
You die...

..#####.#####........
#+##### #.# #.....###
....... #.# #.....#
....... #.# #.....###
......! #.# #........
....... #.#####....####
....... #.....#....'...
......)#######.#....####
.....og@)).....#........
......o#################
....... ....... ##.###
....... ...... .......
#.### ..##### #.. .. #.#
#.#


You could see a gnoll and 2 orcs.

Vanquished Creatures
  A bullfrog (D:3)
  3 crimson imps (D:3)
  An orc priest (D:3)
  6 gnolls (D:3)
  4 adders
  An ooze (D:2)
  A worm (D:3)
  2 dart slugs (D:1)
  4 leopard geckos
  A ball python (D:1)
  8 bats
  4 giant cockroaches
  4 hobgoblins
  3 jackals (D:3)
  4 kobolds
  5 frilled lizards
  11 goblins
  A leopard gecko zombie (D:3)
  10 rats
74 creatures vanquished.

Notes
Turn   | Place    | Note
-------+----------+-------------------------------------------
     0 | D:1      | Firecrotchwizard the Ogre Berserker began the quest for the
                  | Orb.
     0 | D:1      | Reached XP level 1. HP: 24/24 MP: 1/1
    49 | D:1      | Reached skill level 3 in Maces & Flails
    50 | D:1      | Reached XP level 2. HP: 30/32 MP: 2/2
   549 | D:1      | Reached XP level 3. HP: 40/40 MP: 3/3
   904 | D:2      | Found a blossoming altar of Fedhas.
  1077 | D:2      | Reached ** piety under Trog
  1247 | D:2      | Reached XP level 4. HP: 49/49 MP: 4/4
  1384 | D:2      | Found a shattered altar of Ashenzari.
  1439 | D:2      | Found an ornate altar of the Wu Jian Council.
  1442 | D:2      | Found a snail-covered altar of Cheibriados.
  1475 | D:2      | Found a hide-covered altar of Uskayaw.
  1679 | D:3      | Reached skill level 4 in Maces & Flails
  1814 | D:3      | Reached skill level 5 in Fighting
  2194 | D:3      | Reached *** piety under Trog
  2336 | D:3      | Found a shimmering altar of Xom.
  2364 | D:3      | Reached XP level 5. HP: 44/57 MP: 5/5
  2397 | D:3      | Reached skill level 5 in Maces & Flails
  2403 | D:3      | HP: 20/88 [gnoll (7)]
  2404 | D:3      | Reached XP level 6. HP: 23/67 MP: 6/6
  2408 | D:3      | HP: 21/100 [gnoll (2)]
  2670 | D:3      | Reached skill level 6 in Fighting
  2962 | D:3      | HP: 19/100 [gnoll/+0 flail (8)]
  2967 | D:3      | Slain by a gnoll

Illustrated notes

Levels and vault maps discovered:
D:1:      co_arrival_square_in_a_square_in_a_square, layout_loops_ring
D:2:      layout_rooms, fedhas_altar_1, grunt_temple_overflow_cloverleaf,
          first_ration, minivault_4
D:3:      minmay_angry_zag, layout_basic, led_xom_imps, guppyfry_early_lair_pool

Skill      XL: |  1  2  3  4  5  6 |
---------------+-------------------+-----
Maces & Flails | 3 4 5 |  5.6
Fighting       | 5 6 |  6.3
Dodging        | |  2.6

Action                   |  1- 3 |  4- 6 || total
-------------------------+-------+-------++-------
Melee: Mace              |   106 |   158 ||   264
Invok: Berserk           |     1 |     2 ||     3
  Use: Scroll            |     2 |     4 ||     6
  Eat: Chunk             |     2 |     7 ||     9
Armor: Animal skin       |    36 |    47 ||    83
Dodge: Dodged            |    68 |   102 ||   170

Table legend:
 A = Non-vault XP
 B = Vault XP
 C = Vault XP percentage of total XP
 D = Non-vault monster count
 E = Vault monster count
 F = Vault count percentage of total count
                 A         B        C        D         E       F
            +---------+---------+-------+---------+---------+-------
      Total |     376 |     153 |  28.9 |      67 |       7 |   9.5
            +---------+---------+-------+---------+---------+-------
        D:1 |      36 |       0 |   0.0 |      20 |       0 |   0.0
        D:2 |      55 |       0 |   0.0 |      16 |       0 |   0.0
        D:3 |     285 |     153 |  34.9 |      31 |       7 |  18.4
            +---------+---------+-------+---------+---------+-------

Levels and vault maps discovered:
D:1:      co_arrival_square_in_a_square_in_a_square, layout_loops_ring
D:2:      layout_rooms, fedhas_altar_1, grunt_temple_overflow_cloverleaf,
          first_ration, minivault_4
D:3:      minmay_angry_zag, layout_basic, led_xom_imps, guppyfry_early_lair_pool

Table legend:
 A = Turns spent in this place as a percentage of turns spent in the entire game.
 B = Non-inter-level travel turns spent in this place as a percentage of non-inter-level travel turns spent in the entire game.
 C = Inter-level travel turns spent in this place as a percentage of turns spent in this place.
 D = Turns resting spent in this place as a percentage of non-inter-level travel turns spent in this place.
 E = Turns spent auto-exploring this place as a percentage of non-inter-level travel turns spent in this place.
 F = Non-inter-level travel turns spent in this place divided by the number of levels of this place that you've seen.
                   A       B       C       D       E      F
               +-------+-------+-------+-------+-------+----------------------
         Total | 100.0 | 100.0 |   1.8 |  26.5 |  54.5 | 971.7
       Dungeon | 100.0 | 100.0 |   1.8 |  26.5 |  54.5 | 971.7
               +-------+-------+-------+-------+-------+----------------------

Table legend:
 A = Kills in this place as a percentage of kills in entire the game.
 B = Kills by you in this place as a percentage of kills by you in the entire game.
 C = Kills by friends in this place as a percentage of kills by friends in the entire game.
 D = Other kills in this place as a percentage of other kills in the entire game.
 E = Experience gained in this place as a percentage of experience gained in the entire game.
 F = Experience gained in this place divided by the number of levels of this place that you have seen.
                   A       B       C       D       E      F
               +-------+-------+-------+-------+-------+----------------------
         Total | 100.0 | 100.0 |   N/A |   N/A | 100.0 | 176.3
       Dungeon | 100.0 | 100.0 |   N/A |   N/A | 100.0 | 176.3
               +-------+-------+-------+-------+-------+----------------------
